 Dungeon Crawl Stone Soup version 0.32-a0-872-g59262bdc9b (webtiles) character file.

Game seed: 3774738564536566450

17199 KennySheep the Covert (level 12, -17/112 HPs)
             Began as a Naga Alchemist on Mar 30, 2024.
             Was a High Priest of Kikubaaqudgha.
             Demolished by an orc warrior
             ... wielding a +0 scimitar
             ... led by an orc knight
              (26 damage)
             ... on level 1 of the Orcish Mines on Mar 31, 2024.
             The game lasted 00:59:05 (13062 turns).

KennySheep the Covert (Naga Alchemist)             Turns: 13062, Time: 00:59:06

Health: -17/112    AC:  5    Str: 11    XL:     12   Next: 45%
Magic:  16/23      EV:  8    Int: 27    God:    Kikubaaqudgha [*****.]
Gold:   1532       SH:  0    Dex:  9    Spells: 6/26 levels left

rFire   . . .        a - +3 dagger (pain)
rCold   . . .        (no shield)
rNeg    + . .        C - +0 robe
rPois   +            f - +0 hat of Mukki Yddy {rElec Will+ Dex-2 Slay+3}
rElec   +            (no cloak)
rCorr   .            (no gloves)
SInv    +            (no barding)
Will    ++...        n - amulet of regeneration
Stlth   +++++        k - +6 ring of intelligence
HPRegen 1.18/turn    j - ring of positive energy
MPRegen 0.18/turn

%: no passive effects
@: studying Short Blades, very slow
A: AC +4, large, see invisible, deformed body, poison resistance, slowness 2,
spit poison 1, naga tail 1
a: Spit Poison, Renounce Religion, Unearth Wretches, Torment


You were on level 1 of the Orcish Mines.
You worshipped Kikubaaqudgha.
Kikubaaqudgha was extremely pleased with you.
You visited 2 branches of the dungeon, and saw 12 of its levels.
You also visited: Ossuary and Bailey.

You collected 1532 gold pieces.

Inventory:

Hand Weapons
 a - a +3 dagger of pain (weapon)
 b - a +2 dagger of venom
 c - a +0 club
 x - a +3 dagger
Armour
 f - the +0 hat of Mukki Yddy (worn) {rElec Will+ Dex-2 Slay+3}
   (You acquired it on level 3 of the Dungeon)

   Dex-2:     It affects your dexterity (-2).
   Slay+3:    It affects your accuracy & damage with ranged weapons and melee
   (+3).
   rElec:     It insulates you from electricity.
   Will+:     It increases your willpower.
 A - a +0 leather armour of poison resistance
 C - a +0 robe (worn)
Jewellery
 d - a ring of flight
 j - a ring of positive energy (right hand)
 k - a +6 ring of intelligence (left hand)
 n - an amulet of regeneration (around neck)
 t - a ring of protection from cold
 G - a ring of positive energy
 N - a ring of fire
Wands
 h - a wand of paralysis (16)
 u - a wand of light (9)
 v - a wand of warping (27)
 y - a wand of flame (31)
 F - a wand of mindburst (17)
Scrolls
 e - a scroll of fog
 g - 3 scrolls of vulnerability
 l - 8 scrolls of teleportation
 s - a scroll of identify
 w - 3 scrolls of amnesia
 E - 2 scrolls of poison
 J - a scroll of noise
 L - a scroll of enchant armour
Potions
 i - a potion of brilliance
 m - a potion of attraction {unknown}
 p - a potion of curing
 q - 2 potions of might
 r - a potion of ambrosia {unknown}
 z - 4 potions of lignification
 B - a potion of enlightenment {unknown}
 D - 4 potions of haste
 H - 3 potions of degeneration
 K - a potion of magic
 M - 2 potions of mutation {unknown}


   Skills:
 + Level 8.4 Fighting
 - Level 10.0 Short Blades
 - Level 1.5 Dodging
 + Level 11.6 Stealth
 + Level 7.8 Spellcasting
 - Level 1.0 Conjurations
 * Level 10.4 Necromancy
 - Level 3.0 Fire Magic
 - Level 9.0 Alchemy


You had 6 spell levels left.
You knew the following spells:

 Your Spells              Type           Power      Damage    Failure   Level
a - Sting                 Conj/Alch      100%       1d9       1%          1
b - Olgreb's Toxic Radia  Alch           56%        N/A       1%          4
c - Sticky Flame          Fire/Alch      43%        2d8       4%          4
d - Vampiric Draining     Necr           61%        2d10      1%          3
e - Dispel Undead         Necr           61%        3d21      1%          4
f - Animate Dead          Necr           61%        N/A       1%          4

Your spell library contained the following spells:

 Spells                   Type           Power      Damage    Failure   Level
 Kiss of Death            Conj/Necr      100%       2d13      1%          1
 Mercury Vapours          Alch/Air       68%        N/A       1%          2
 Sublimation of Blood     Necr           61%        N/A       1%          2
 Curse of Agony           Necr           61%        N/A       1%          5
 Magic Dart               Conj           64%        1d6       3%          1
 Shock                    Conj/Air       52%        1d6       4%          1
 Mephitic Cloud           Conj/Alch/Air  28%        N/A       4%          3
 Sandblast                Erth           20%        2d7       5%          1
 Summon Small Mammal      Summ           40%        N/A       5%          1
 Searing Ray              Conj           32%        2d5       5%          2
 Anguish                  Hex/Necr       19%        N/A       6%          4
 Fulminant Prism          Conj/Alch      18%        3d10      7%          4
 Lesser Beckoning         Tloc           20%        N/A       9%          2
 Death Channel            Necr           30%        N/A       11%         6
 Stone Arrow              Conj/Erth      26%        3d8       13%         3
 Call Canine Familiar     Summ           10%        N/A       16%         3
 Confusing Touch          Hex            10%        N/A       16%         3
 Sigil of Binding         Hex            10%        N/A       16%         3
 Teleport Other           Tloc           10%        N/A       16%         3
 Tukima's Dance           Hex            10%        N/A       16%         3
 Yara's Violent Unravell  Hex/Alch       17%        3d8       24%         5
 Summon Blazeheart Golem  Fire/Summ      18%        N/A       28%         4
 Brom's Barrelling Bould  Conj/Erth      13%        2d4       41%         4
 Dimensional Bullseye     Hex/Tloc       5%         N/A       47%         4
 Maxwell's Portable Pile  Tloc           10%        2d(7-13)  47%         4
 Passage of Golubria      Tloc           10%        N/A       47%         4
 Arcjolt                  Conj/Air       6%         1d16      77%         5
 Summon Forest            Summ/Tloc      5%         N/A       83%         5
 Summon Mana Viper        Hex/Summ       10%        N/A       83%         5
 Summon Cactus Giant      Summ           5%         N/A       100%        6


Dungeon Overview and Level Annotations

Branches:
Dungeon (11/15)            Temple (0/1) D:5            Lair (0/5) D:8
    Orc (1/2) D:11        Ossuary (visited)          Bailey (visited)

Altars:
Dithmenos
Elyvilon
Kikubaaqudgha
Makhleb
Nemelex Xobeh
Trog
Xom
Zin
Beogh

Annotations:
D:5 1 runed translucent door, Shayle's ghost, amateur CoAl


Innate Abilities, Weirdness & Mutations

Your serpentine skin is tough. (AC +4)
You have supernaturally acute eyesight. (SInv)
Armour fits poorly on your strangely shaped body.
Your system is resistant to poisons. (rPois)
You cover ground very slowly.
You can spit poison.
You have a snake-like lower body.


Message History

Okay, then.
Okay, then.
Magic courses through your body.
The orc knight burns!
The orc knight barely misses you. The orc warrior barely misses you.
Your magical contamination has completely faded away.
Casting: Sticky Flame (dangerous; 4% risk of failure)
Confirm with . or Enter, or press ? or * to list all spells.
Aiming: Sticky Flame (dangerous; 4% risk of failure)
Press: ? - help, Shift-Dir - straight line, f/p - orc knight
Aim: an orc knight, wielding a +2 great sword and wearing a +0 plate armour (severely wounded, covered in liquid flames, very poisoned)
The sticky flame hits the orc knight.
The orc knight is almost dead.
The orc knight burns!
The orc knight hits you with a +2 great sword!!
* * * LOW HITPOINT WARNING * * *
The orc warrior hits you with a +0 scimitar!
* * * LOW HITPOINT WARNING * * *
Okay, then.
Okay, then.
The orc knight burns!
You kill the orc knight!
Kikubaaqudgha accepts your kill.
You kill the orc!
Kikubaaqudgha accepts your kill.
The orc warrior attacks as it pursues you!
The orc warrior hits you with a +0 scimitar!
* * * LOW HITPOINT WARNING * * *
Okay, then.
Casting: Sticky Flame (dangerous; 4% risk of failure)
Confirm with . or Enter, or press ? or * to list all spells.
Aiming: Vampiric Draining (safe; 1% risk of failure)
Press: ? - help, Shift-Dir - straight line, f - ogre
Aim: an ogre, wielding a +0 giant club (severely wounded, very poisoned)
You draw life force from the ogre!
You kill the ogre!
Kikubaaqudgha accepts your kill.
You feel life coursing into your body.
The orc warrior hits you with a +0 scimitar!!
You die...
Kikubaaqudgha rasps: You have failed me!
Welcome... death!

#. ### ##.## #..##
#...## ....# #...#
#..# . ##.<.###.##
.. #.....#)..## ...
#....#.)...# ....
##....#))..##.....
#......@....$.....
........o))).......
...........)..)...$.
....................
.............).....
..................
.#.##.............
###............#.
.......>......


You could see an orc warrior (strong, poisoned).

Vanquished Creatures
  A boulder beetle (D:11)
  5 two-headed ogres
  2 deep elf pyromancers (D:7)
  4 orc knights
  An elephant (D:8)
  2 kobold demonologists (Bailey)
  A troll (D:11)
  Grinder (D:3)
  Prince Ribbit (D:5)
  14 yaks
  A vampire (D:11)
  Eustachio (D:5)
  A warg (D:11)
  A vampire mosquito (D:7)
  Menkaure (D:5)
  An acid dragon (D:11)
  2 water moccasins
  2 sky beasts
  17 orc warriors
  3 black bears
  2 laughing skulls (D:11)
  An ice beast (D:6)
  6 centaurs
  4 ogres
  5 kobold brigands
  2 scorpions
  3 bullfrogs
  9 wights
  A jelly (D:8)
  13 killer bees
  2 howler monkeys
  6 electric eels
  A crimson imp (D:8)
  15 orc priests
  3 hounds
  2 human zombies (Ossuary)
  2 gnoll boudas
  An iron imp (D:5)
  2 sleepcaps (D:7)
  Jessica (D:3)
  4 iguanas
  Natasha (thrice) (D:3)
  6 orc wizards
  A hound zombie (Ossuary)
  5 mummies
  Robin (D:4)
  12 gnolls
  6 adders
  3 white imps
  2 ufetubi (D:7)
  2 adder zombies (Ossuary)
  3 dart slugs
  4 ribbon worms
  53 orcs
  2 endoplasms (D:3)
  4 giant cockroaches
  26 goblins
  10 hobgoblins
  3 jackals (D:2)
  4 quokkas
  4 ball pythons
  6 bats
  3 frilled lizards
  2 gnoll zombies (Ossuary)
  3 goblin zombies
  3 hobgoblin zombies
  15 kobolds
  A kobold zombie (Ossuary)
  4 rats
338 creatures vanquished.

Notes
Turn   | Place    | Note
-------+----------+-------------------------------------------
     0 | D:1      | KennySheep the Naga Alchemist began the quest for the Orb.
     0 | D:1      | Reached XP level 1. HP: 15/15 MP: 3/3
   137 | D:1      | Reached XP level 2. HP: 15/24 MP: 0/5
   588 | D:1      | Reached skill level 1 in Fighting
  1215 | D:2      | Reached XP level 3. HP: 31/31 MP: 4/6
  1896 | D:2      | You fall into a shaft and drop 2 floors!
  1901 | D:4      | Reached XP level 4. HP: 38/38 MP: 4/7
  1950 | D:3      | Reached skill level 5 in Alchemy
  2028 | D:3      | Noticed Jessica
  2033 | D:3      | Killed Jessica
  2034 | D:3      | Reached XP level 5. HP: 39/45 MP: 3/9
  2172 | D:3      | Identified the +2 pair of boots "Ulleo" {+Inv rF+ rN+}
  2296 | D:3      | Learned a level 4 spell: Olgreb's Toxic Radiance
  2405 | D:3      | Noticed Natasha
  2410 | D:3      | Killed Natasha
  2496 | D:3      | Identified a scroll of acquirement
  2497 | D:3      | Acquired the +0 hat of Mukki Yddy {rElec Will+ Dex-2
                  | Slay+3}
  2550 | D:3      | Noticed Grinder
  2627 | D:3      | Noticed Natasha
  2635 | D:3      | Killed Natasha
  2665 | D:3      | Reached XP level 6. HP: 42/55 MP: 0/10
  2951 | D:2      | Learned a level 4 spell: Sticky Flame
  3167 | D:3      | Killed Grinder
  3168 | D:3      | Reached XP level 7. HP: 50/62 MP: 0/12
  3265 | D:3      | Noticed Natasha
  3273 | D:3      | Killed Natasha
  3434 | D:4      | Noticed Robin
  3437 | D:4      | Killed Robin
  3769 | D:4      | Found an ancient bone altar of Kikubaaqudgha.
  3783 | D:4      | Became a worshipper of Kikubaaqudgha
  3932 | D:4      | Found a shadowy altar of Dithmenos.
  4332 | D:5      | Entered Level 5 of the Dungeon
  4445 | D:5      | Reached skill level 1 in Necromancy
  4588 | D:5      | Noticed Menkaure
  4595 | D:5      | Killed Menkaure
  4596 | D:5      | Reached XP level 8. HP: 29/72 MP: 9/14
  4639 | D:5      | Found a runed translucent door.
  4639 | D:5      | Noticed Shayle's ghost (amateur CoAl)
  4695 | D:5      | Reached skill level 4 in Stealth
  4698 | D:5      | Noticed Eustachio
  4703 | D:5      | Found a staircase to the Ecumenical Temple.
  4709 | D:5      | Killed Eustachio
  4710 | D:5      | Reached skill level 1 in Fire Magic
  4824 | D:5      | Found a burning altar of Makhleb.
  4929 | D:5      | Noticed a yak
  4940 | D:5      | Killed a yak
  5020 | D:5      | Noticed a yak
  5021 | D:5      | Noticed a yak
  5022 | D:5      | Noticed a yak
  5032 | D:5      | Killed a yak
  5032 | D:5      | Reached * piety under Kikubaaqudgha
  5032 | D:5      | Received a gift from Kikubaaqudgha
  5033 | D:5      | Reached skill level 5 in Stealth
  5041 | D:5      | Killed a yak
  5042 | D:5      | Reached skill level 1 in Short Blades
  5046 | D:5      | Killed a yak
  5047 | D:5      | Reached XP level 9. HP: 76/79 MP: 7/16
  5142 | D:5      | Learned a level 3 spell: Vampiric Draining
  5147 | D:5      | Learned a level 4 spell: Dispel Undead
  5322 | D:5      | Noticed Prince Ribbit
  5330 | D:5      | Killed Prince Ribbit
  5847 | D:6      | Found a sand-covered staircase.
  5855 | Ossuary  | Entered an ossuary
  6092 | Ossuary  | Acquired a manual of Short Blades
  6308 | D:6      | Reached skill level 6 in Stealth
  6308 | D:6      | Reached skill level 5 in Spellcasting
  6320 | D:6      | Reached skill level 5 in Fighting
  6502 | D:6      | Reached skill level 5 in Necromancy
  6618 | D:6      | Reached ** piety under Kikubaaqudgha
  6702 | D:6      | Identified the blade talisman of the Scuffed God {Slay+6}
  7057 | D:7      | Found a flagged portal.
  7105 | D:7      | Reached skill level 7 in Stealth
  7196 | Bailey   | Entered a bailey
  7221 | Bailey   | Noticed an orc knight
  7237 | Bailey   | Killed an orc knight
  7238 | Bailey   | Reached XP level 10. HP: 74/91 MP: 2/18
  7405 | Bailey   | Reached skill level 5 in Short Blades
  7648 | Bailey   | Found an iron altar of Okawaru.
  7648 | Bailey   | Noticed a kobold demonologist
  7648 | Bailey   | Noticed a kobold demonologist
  7656 | Bailey   | Killed a kobold demonologist
  7657 | Bailey   | Reached skill level 8 in Stealth
  7657 | Bailey   | Killed a kobold demonologist
  7665 | Bailey   | Learned a level 4 spell: Animate Dead
  7724 | Bailey   | Got the Octavo of Dark Battle Magic
  7773 | Bailey   | Noticed an orc knight
  7783 | Bailey   | Killed an orc knight
  7907 | Bailey   | Acquired 580 gold pieces
  8389 | D:7      | Reached *** piety under Kikubaaqudgha
  8389 | D:7      | Received a gift from Kikubaaqudgha
  8836 | D:7      | Noticed a deep elf pyromancer
  8839 | D:7      | Killed a deep elf pyromancer
  8840 | D:7      | Reached skill level 9 in Stealth
  8840 | D:7      | Reached XP level 11. HP: 99/99 MP: 20/20
  8842 | D:7      | Noticed a deep elf pyromancer
  8847 | D:7      | Killed a deep elf pyromancer
  9223 | D:8      | Found a staircase to the Lair.
 10110 | D:9      | Noticed a two-headed ogre
 10117 | D:9      | Killed a two-headed ogre
 10362 | D:9      | Reached skill level 10 in Stealth
 10743 | D:10     | Entered Level 10 of the Dungeon
 10783 | D:10     | Found a white marble altar of Elyvilon.
 10783 | D:10     | Found a sparkling altar of Nemelex Xobeh.
 10787 | D:10     | Found a shimmering altar of Xom.
 10789 | D:10     | Found a bloodstained altar of Trog.
 10851 | D:10     | Reached **** piety under Kikubaaqudgha
 11308 | D:10     | Noticed a two-headed ogre
 11318 | D:10     | Killed a two-headed ogre
 11661 | D:11     | Noticed a two-headed ogre
 11819 | D:11     | Killed a two-headed ogre
 11951 | D:11     | Found a staircase to the Orcish Mines.
 11986 | D:11     | Found a roughly hewn altar of Beogh.
 11986 | D:11     | Noticed an orc knight
 11993 | D:11     | HP: 4/103 [orc warrior/+0 halberd (15)]
 12000 | D:11     | Reached XP level 12. HP: 14/110 MP: 11/23
 12103 | D:11     | Noticed a two-headed ogre
 12114 | D:11     | Killed a two-headed ogre
 12115 | D:11     | Reached skill level 11 in Stealth
 12250 | D:11     | Found a frozen archway.
 12321 | D:11     | Reached skill level 10 in Necromancy
 12447 | D:11     | Reached ***** piety under Kikubaaqudgha
 12582 | D:11     | Found a glowing silver altar of Zin.
 12620 | D:11     | Noticed a boulder beetle
 12623 | D:11     | Killed a boulder beetle
 12837 | D:11     | Noticed a two-headed ogre
 12840 | D:11     | Killed a two-headed ogre
 12912 | D:11     | Reached skill level 10 in Short Blades
 13033 | Orc:1    | Entered Level 1 of the Orcish Mines
 13061 | Orc:1    | HP: 4/112 [orc warrior/+0 scimitar[an orc knight] (11)]
 13062 | Orc:1    | Demolished by an orc warrior

Illustrated notes

Levels and vault maps discovered:
D:1:      tarquinn_simple_flora_water_f, layout_basic, minivault_14,
          corexii_corridor_pit, serial_park_tiny_2
D:2:      layout_loops_ring, minmay_misc_feat_roman
D:3:      layout_rooms, grunt_ministairs_6, minmay_quantized, uniq_grinder,
          uniq_natasha, uniq_jessica
D:4:      cheibrodos_greedy_goblins, layout_loops_ring, amcnicky_altar_gilded,
          mainiacjoe_overflow_cross_hatched, uniq_robin
D:5:      layout_basic, demons_altar, minmay_temple_entry_stoned_glass,
          gammafunk_ghost_grave, uniq_menkaure, uniq_prince_ribbit1,
          uniq_eustachio
D:6:      layout_rooms, nicolae_ossuary_entry_giza, kennysheep_minor_cross,
          palyth_stone_intersect
D:7:      minmay_cornered_nines, layout_basic, enter_bailey_8,
          grunt_decor_arrowhead, kennysheep_generic_room_11
D:8:      layout_gridville, david_lair_generic, nicolae_lava_and_water,
          minmay_nine_imps
D:9:      layout_small_grid, hangedman_abyss_or_decor_clamps,
          minmay_unpleasant_kobolds
D:10:     layout_gridville, minitemple, nicolae_straight_to_the_point
D:11:     layout_roguey [special_room_orc], erik_orc_4,
          portal_ice_cave_entry_pillars_2, chequers_serial_rivers_small_a,
          zin_statuary
Orc:1:    layout_caves, serial_shops, nicolae_shop_advertising_works
          [nicolae_subvault_shop_adworks]

Skill      XL: |  1  2  3  4  5  6  7  8  9 10 11 12 |
---------------+-------------------------------------+-----
Alchemy        | 4 5 6 7 8 9 |  9.0
Fighting       | 1 2 3 4 5 6 7 8 |  8.4
Spellcasting   | 3 4 5 6 7 |  7.8
Necromancy     | 1 3 6 7 9 10 | 10.4
Stealth        | 5 7 9 10 11 | 11.6
Fire Magic     | 3 |  3.0
Short Blades   | 1 4 6 8 10 | 10.0
Dodging        | |  1.5
Conjurations   | |  1.0

Action                     |  1- 3 |  4- 6 |  7- 9 | 10-12 || total
---------------------------+-------+-------+-------+-------++-------
  Melee: Club              |     9 |    46 |     4 |       ||    59
         Unarmed           |     2 |       |       |       ||     2
         Dagger            |       |       |   196 |   243 ||   439
   Cast: Sting             |    47 |    50 |     2 |       ||    99
         Olgreb's Toxic Ra |       |     3 |    41 |    78 ||   122
         Sticky Flame      |       |     2 |     5 |    12 ||    19
         Dispel Undead     |       |       |    15 |     9 ||    24
         Vampiric Draining |       |       |     2 |    10 ||    12
Ability: Spit Poison       |       |     3 |       |       ||     3
  Evoke: Wand              |       |       |     1 |       ||     1
    Use: Scroll            |     1 |     4 |    11 |    11 ||    27
         Potion            |       |     1 |     4 |     8 ||    13
   Stab: Sleeping          |       |       |     3 |     5 ||     8
 Armour: Robe              |    22 |    47 |   224 |   284 ||   577
  Dodge: Dodged            |    13 |    42 |   165 |   136 ||   356

Table legend: (Time is in decaauts)
 A = Elapsed time spent in this place.
 B = Non-inter-level travel time spent in this place.
 C = Inter-level travel time spent in this place.
 D = Time resting spent in this place.
 E = Time spent auto-exploring this place.
 F = Levels seen in this place.
 G = Mean time per level.
                   A        B        C        D        E       F      G
               +--------+--------+--------+--------+--------+-----+--------+
         Total |  15984 |  15305 |    679 |   1336 |  11410 |  14 | 1141.7 |
       Dungeon |  14348 |  13669 |    679 |    908 |  10674 |  11 | 1304.4 |
  Orcish Mines |     28 |     28 |      0 |      0 |      2 |   1 |   28.0 |
       Ossuary |    456 |    456 |      0 |     96 |    173 |   1 |  456.0 |
        Bailey |   1150 |   1150 |      0 |    332 |    560 |   1 | 1150.0 |
               +--------+--------+--------+--------+--------+-----+--------+

Top non-repeatable levels by time:
     D:5: 1932 daAuts
     D:1: 1537 daAuts
     D:3: 1534 daAuts
    D:11: 1400 daAuts
     D:7: 1377 daAuts
    D:10: 1342 daAuts
     D:2: 1192 daAuts
     D:8: 1151 daAuts
  Bailey: 1150 daAuts
     D:4: 1147 daAuts
     D:6: 868 daAuts
     D:9: 863 daAuts
 Ossuary: 456 daAuts
   Orc:1: 28 daAuts
